 Dungeon Crawl Stone Soup version 0.26-a0-83-g7ccd015ce0 (webtiles) character file.

Game seed: 15938400398369246661

637 Ezendos the Skirmisher (level 7, -5/60 HPs)
             Began as a Barachi Artificer on June 16, 2020.
             Slain by an ice beast (6 damage)
             ... on level 5 of the Dungeon.
             The game lasted 00:12:30 (5435 turns).

Ezendos the Skirmisher (Barachi Artificer)          Turns: 5435, Time: 00:12:31

Health: -5/60      AC: 10    Str: 16    XL:     7   Next: 50%
Magic:  9/9        EV:  8    Int: 11    God:
Gold:   205        SH:  0    Dex: 12    Spells: 6/6 levels left

rFire    . . .     SeeInvis .   n - +0 falchion
rCold    . . .     Gourm    .   (no shield)
rNeg     . . .     Faith    .   b - +0 chain mail
rPois    .         Spirit   .   (no helmet)
rElec    .         Reflect  .   o - scarf {repulsion}
rCorr    .         Harm     .   (no gloves)
MR       .....                  c - +0 pair of boots
Stlth    ..........             (no amulet)
HPRegen  0.20/turn              (no ring)
MPRegen  0.11/turn              (no ring)

@: repel missiles, slow
A: +LOS, swims, slowness 1, strong legs 1
a: Hop


You were on level 5 of the Dungeon.
You were not hungry.

You visited 1 branch of the dungeon, and saw 5 of its levels.

You collected 205 gold pieces.

Inventory:

Hand Weapons
 a - a +0 short sword
 n - a +0 falchion (weapon)
 p - a +0 hunting sling
Missiles
 h - 220 stones (quivered)
 i - 17 sling bullets
 u - 23 poisoned darts
Armour
 b - a +0 chain mail (worn)
 c - a +0 pair of boots (worn)
 o - a scarf of repulsion (worn)
 v - a +0 scale mail
Jewellery
 w - an uncursed amulet of magic regeneration
Wands
 e - a wand of random effects (15)
 f - a wand of enslavement (13)
 y - a wand of iceblast (4)
Scrolls
 g - 2 scrolls of enchant armour
 k - a scroll of identify
 m - a scroll of remove curse
 q - a scroll of immolation
Potions
 j - 2 potions of heal wounds {unknown}
 l - 2 potions of curing
 s - a potion of stabbing {unknown}
 t - a potion of invisibility {unknown}
 x - 2 potions of brilliance
Comestibles
 d - 4 rations


   Skills:
 + Level 7.4 Fighting
 - Level 1.1(2.1) Short Blades
 * Level 3.2(3.3) Long Blades
 + Level 2.9 Armour
 + Level 3.6 Dodging
 - Level 0.8 Stealth
 - Level 3.2 Evocations


You had 6 spell levels left.
You didn't know any spells.
Your spell library was empty.

Dungeon Overview and Level Annotations

Branches:
Dungeon (5/15)
 Temple: D:4-7

Altars:
Qazlal


Innate Abilities, Weirdness & Mutations

You can be seen from farther away. (+LOS)
You can swim through water.
You cover ground slowly.
You can hop short distances.


Message History

The ice beast hits you but does no damage.
You closely miss the ice beast.
The ice beast is almost dead.
The ice beast hits you but does no damage.
The ice beast barely misses you.
You hit the ice beast but do no damage.
The ice beast is almost dead.
The ice beast hits you.
* * * LOW HITPOINT WARNING * * *
The ice beast freezes you!
* * * LOW HITPOINT WARNING * * *
Evoke which item? (* to show all) (? for menu, Esc to quit)
Okay, then.
Okay, then.
You completely miss the ice beast.
The ice beast is almost dead.
The ice beast hits you.
* * * LOW HITPOINT WARNING * * *
The ice beast freezes you.
You die...

#.# #.# #.# #.# # #Y# #.# #
#.# #.# # #.# #####.### # #.#
#........ #.# #.###.###
#.############# #.###.# #
#........Y@..(# #...#.# #
#############.#####...#.###
########## #.................
#........###.##...........###
#.##.........######..<....#
#####.##.###.##### ###...###
......##.# #.# #...# ##
.........# #.# ##.## #)
####..#### #.# #.# #.


You could see an ice beast.

Vanquished Creatures
  Sigmund (D:2)
  2 phantoms (D:4)
  A scorpion (D:4)
  2 orc wizards (D:4)
  2 worker ants
  3 adders
  An ooze (D:1)
  4 dart slugs
  3 leopard geckos
  12 orcs
  A ball python (D:1)
  11 bats
  2 giant cockroaches
  5 goblins
  6 hobgoblins
  3 jackals (D:1)
  2 quokkas
  7 frilled lizards
  11 kobolds
  A leopard gecko skeleton (D:4)
  7 rats
87 creatures vanquished.

Vanquished Creatures (collateral kills)
  An orc priest (D:4)
  An orc wizard (D:4)
  An orc (D:4)
3 creatures vanquished.

Grand Total: 90 creatures vanquished

Notes
Turn   | Place    | Note
-------+----------+-------------------------------------------
     0 | D:1      | Ezendos the Barachi Artificer began the quest for the Orb.
     0 | D:1      | Reached XP level 1. HP: 15/15 MP: 3/3
    92 | D:1      | Reached skill level 2 in Fighting
   141 | D:1      | Reached XP level 2. HP: 17/23 MP: 4/4
   283 | D:1      | Reached skill level 3 in Fighting
   459 | D:1      | Reached XP level 3. HP: 25/29 MP: 5/5
  1167 | D:1      | Reached skill level 4 in Fighting
  1538 | D:2      | Noticed Sigmund
  1546 | D:2      | Killed Sigmund
  1546 | D:2      | Reached skill level 6 in Fighting
  1546 | D:2      | Reached XP level 4. HP: 41/41 MP: 6/6
  1546 | D:2      | Reached XP level 5. HP: 47/47 MP: 7/7
  1963 | D:3      | Found a stormy altar of Qazlal.
  2168 | D:3      | Reached XP level 6. HP: 39/53 MP: 8/8
  2488 | D:3      | Reached skill level 1 in Armour
  2960 | D:4      | Reached skill level 1 in Long Blades
  3152 | D:4      | Noticed a phantom
  3288 | D:4      | Reached skill level 7 in Fighting
  3700 | D:5      | Entered Level 5 of the Dungeon
  3880 | D:4      | Noticed a phantom
  3983 | D:4      | Killed a phantom
  3983 | D:4      | Reached XP level 7. HP: 36/60 MP: 9/9
  5434 | D:5      | HP: 1/60 [ice beast (7)]
  5435 | D:5      | Slain by an ice beast

Illustrated notes

Levels and vault maps discovered:
D:1:      minmay_arrival_radiant_lines, layout_basic
D:2:      layout_rooms, nicolae_overflow_hidden_temple, first_ration,
          minmay_pentomino_t2, uniq_sigmund
D:3:      layout_loops_ring, nicolae_qazlal_general_emergency
D:4:      layout_loops_ring
D:5:      layout_loops_ring

Skill      XL: |  1  2  3  4  5  6  7 |
---------------+----------------------+-----
Fighting       | 2 3 6 7 |  7.4
Armour         | 2 |  2.9
Long Blades    | 2 3 |  3.2
Dodging        | 3 |  3.6
Short Blades   | |  1.1
Stealth        | |  0.8
Evocations     | |  3.2

Action                   |  1- 3 |  4- 6 |  7- 9 || total
-------------------------+-------+-------+-------++-------
Melee: Short sword       |   154 |    38 |       ||   192
       Falchion          |       |   160 |   101 ||   261
Throw: Stone             |     9 |    23 |     6 ||    38
 Abil: Hop               |       |       |     1 ||     1
Evoke: Wand              |     6 |     5 |     6 ||    17
  Use: Potion            |     1 |     1 |       ||     2
       Scroll            |       |     6 |     1 ||     7
  Eat: Chunk             |     3 |     5 |     3 ||    11
       Ration            |       |     1 |     1 ||     2
Armor: Leather armour    |    48 |    28 |       ||    76
       Scale mail        |       |    33 |       ||    33
       Chain mail        |       |    30 |    46 ||    76
Dodge: Dodged            |   132 |   102 |    29 ||   263
       Repelled          |       |     3 |       ||     3
       Rpst.: Falchion   |       |    28 |    13 ||    41

Table legend:
 A = Non-vault XP
 B = Vault XP
 C = Vault XP percentage of total XP
 D = Non-vault monster count
 E = Vault monster count
 F = Vault count percentage of total count
                 A         B        C        D         E       F
            +---------+---------+-------+---------+---------+-------
      Total |     686 |     225 |  24.7 |      88 |       2 |   2.2
            +---------+---------+-------+---------+---------+-------
        D:1 |      58 |       0 |   0.0 |      30 |       0 |   0.0
        D:2 |      26 |     225 |  89.6 |      14 |       2 |  12.5
        D:3 |      62 |       0 |   0.0 |      20 |       0 |   0.0
        D:4 |     505 |       0 |   0.0 |      22 |       0 |   0.0
        D:5 |      35 |       0 |   0.0 |       2 |       0 |   0.0
            +---------+---------+-------+---------+---------+-------
